 Dungeon Crawl Stone Soup version 0.31.0-11-ge490571c62 (webtiles) character file.

Game seed: 11291936151864518748

26388 stipulation the Black Sun (level 13, -2/55 HPs)
             Began as a Vine Stalker Necromancer on Jan 28, 2024.
             Was a High Priest of Kikubaaqudgha.
             Slain by a black mamba (10 damage)
             ... on level 3 of the Lair of Beasts.
             The game lasted 00:37:20 (13776 turns).

stipulation the Black Sun (VSNe)                   Turns: 13776, Time: 00:37:20

Health: -2/55      AC: 12    Str: 13    XL:     13   Next: 25%
Magic:  0/31       EV: 12    Int: 23    God:    Kikubaaqudgha [*****.]
Gold:   749        SH:  0    Dex: 14    Spells: 15/39 levels left

rFire   + + .        m - +9 spear of the Nexus {flame, rF+ Int+4 SInv Stlth-}
rCold   + . .        (no shield)
rNeg    . . .        a - +0 robe
rPois   .            p - +0 helmet
rElec   .            z - scarf {rC+ rF+}
rCorr   .            (no gloves)
SInv    +            U - +0 pair of boots
Will    +....        H - amulet of magic regeneration
Stlth   +            i - +4 ring of protection
HPRegen 1.09/turn    J - +4 ring of protection
MPRegen 0.62/turn

%: guardian spirit
@: lethally poisoned (-2 -> -11), death channelling
A: fangs 3, regeneration 1, magic shield, antimagic bite, no potion heal 2
a: Renounce Religion, Unearth Wretches, Torment


You were on level 3 of the Lair of Beasts.
You worshipped Kikubaaqudgha.
Kikubaaqudgha was extremely pleased with you.
You visited 3 branches of the dungeon, and saw 15 of its levels.

You collected 857 gold pieces.
You spent 108 gold pieces at shops.

Inventory:

Hand Weapons
 j - a +0 dagger
 m - the +9 spear of the Nexus (weapon) {flame, rF+ Int+4 SInv Stlth-}
   (You found it on level 2 of the Dungeon)

   Int+4:     It affects your intelligence (+4).
   rF+:       It protects you from fire.
   SInv:      It lets you see invisible.
   Stlth-:    It makes you less stealthy.
Missiles
 n - 31 poisoned darts
 I - 3 throwing nets
Armour
 a - a +0 robe (worn)
 p - a +0 helmet (worn)
 z - a scarf of resistance (worn)
 E - the +0 leather armour of the Hecatoncheires {rElec rPois rN+}
   (You found it on level 6 of the Dungeon)

   rElec:     It insulates you from electricity.
   rPois:     It protects you from poison rN+: It protects you from negative
   energy.
 N - a +2 cloak
 U - a +0 pair of boots (worn)
Jewellery
 d - a ring of willpower
 h - a ring of flight
 i - a +4 ring of protection (left hand)
 l - a ring of resist corrosion
 s - a ring of ice
 F - a ring of protection from fire
 H - an amulet of magic regeneration (around neck)
 J - a +4 ring of protection (right hand)
Wands
 x - a wand of flame (5)
 O - a wand of iceblast (2)
 R - a wand of paralysis (2)
 T - a wand of quicksilver (4)
 V - a wand of mindburst (12)
Scrolls
 f - 10 scrolls of summoning
 o - a scroll of noise
 q - 5 scrolls of fog
 t - 3 scrolls of immolation
 v - a scroll of revelation
 y - 2 scrolls of amnesia
 A - 2 scrolls of poison
 B - 6 scrolls of teleportation
 C - 2 scrolls of enchant armour
 D - 3 scrolls of fear
 P - a scroll of identify
 Q - a scroll of brand weapon
 S - a scroll of silence {unknown}
Potions
 b - a potion of magic
 c - 3 potions of lignification
 e - a potion of might
 g - 3 potions of curing
 k - 3 potions of mutation {unknown}
 r - a potion of heal wounds {unknown}
 u - 2 potions of cancellation {unknown}
 w - 2 potions of resistance {unknown}
 G - a potion of haste {unknown}
 K - 6 potions of ambrosia
 L - a potion of invisibility {unknown}
 M - 2 potions of enlightenment {unknown}


   Skills:
 - Level 1.5 Dodging
 - Level 2.4 Stealth
 + Level 13.9 Spellcasting
 - Level 4.0 Summonings
 * Level 15.8 Necromancy
 - Level 6.0 Evocations


You had 15 spell levels left.
You knew the following spells:

 Your Spells              Type           Power      Damage    Failure   Level
a - Necrotise             Necr           100%       1d9       0%          1
b - Vampiric Draining     Necr           73%        2d11      0%          3
c - Animate Dead          Necr           73%        N/A       1%          4
d - Cigotuvi's Dreadful   Necr/Alch/Air  80%        N/A       1%          2
e - Martyr's Knell        Necr/Summ      57%        N/A       1%          4
f - Anguish               Hex/Necr       25%        N/A       1%          4
g - Death Channel         Necr           36%        N/A       1%          6

Your spell library contained the following spells:

 Spells                   Type           Power      Damage    Failure   Level
 Fugue of the Fallen      Necr           73%        N/A       0%          3
 Kiss of Death            Conj/Necr      100%       2d13      1%          1
 Curse of Agony           Necr           73%        N/A       1%          5
 Slow                     Hex            64%        N/A       3%          1
 Ensorcelled Hibernation  Hex/Ice        32%        N/A       6%          2
 Confusing Touch          Hex            16%        N/A       12%         3
 Gell's Gravitas          Tloc           16%        N/A       12%         3
 Passwall                 Erth           16%        N/A       12%         3
 Sigil of Binding         Hex            16%        N/A       12%         3
 Swiftness                Air            16%        N/A       12%         3
 Teleport Other           Tloc           16%        N/A       12%         3
 Dispersal                Tloc           8%         N/A       99%         6


Dungeon Overview and Level Annotations

Branches:
Dungeon (11/15)            Temple (1/1) D:7            Lair (3/5) D:9
 Shoals (0/4) Lair:2       Spider (0/4) Lair:2          Orc (0/2) D:10

Altars:
Ashenzari
Cheibriados
Dithmenos
Elyvilon
Fedhas
Gozag
Hepliaklqana
Kikubaaqudgha
Makhleb
Nemelex Xobeh
Okawaru
Qazlal
Ru
Sif Muna
Trog
Uskayaw
Vehumet
Wu Jian
Xom
Yredelemnul
Zin
The Shining One

Shops:
D:4 **

Annotations:
D:5 1 exclusion
D:7 3 runed translucent doors, gelatine's ghost, novice DsFi
Lair:1 1 runed translucent door, Luas's ghost, novice TeFE
Lair:3 1 runed translucent door, jasper's ghost, journeyman AtBe


Innate Abilities, Weirdness & Mutations

You have razor-sharp teeth.
Your natural rate of healing is unusually fast.
When hurt, damage is shared between your health and your magic reserves.
Your bite disrupts and absorbs the magic of your enemies.
Potions cannot restore your health.


Message History

A cane toad comes into view.
Your spectral blink frog closely misses the blink frog.
The yak gores your spectral yak.
The black mamba bites you but does no damage.
Your yak zombie gores the black mamba!
Your boulder beetle zombie completely misses the blink frog.
Your spectral yak gores the yak.
The blink frog hits your boulder beetle zombie but does no damage.
Casting: Vampiric Draining (safe; 0% risk of failure)
Confirm with . or Enter, or press ? or * to list all spells.
Aiming: Vampiric Draining (safe; 0% risk of failure)
Press: ? - help, Shift-Dir - straight line, f - black mamba
Aim: a black mamba (moderately wounded, ally target)
You draw life force from the black mamba.
You feel life coursing into your body.
You feel extremely sick. The black mamba bites you.
Your spectral blink frog hits the blink frog.
Your yak zombie gores the blink frog!
The yak gores your spectral yak!
The blink frog hits your boulder beetle zombie.
The blink frog blinks!
The black mamba bites you.
Your yak zombie gores the black mamba!
Your boulder beetle zombie closely misses the black mamba.
Your spectral yak gores the yak!
Your spectral yak gores the yak but does no damage.
Casting: Vampiric Draining (safe; 0% risk of failure)
Confirm with . or Enter, or press ? or * to list all spells.
Aiming: Vampiric Draining (safe; 0% risk of failure)
Press: ? - help, Shift-Dir - straight line, f/p - black mamba
Aim: a black mamba (heavily wounded, ally target)
You draw life force from the black mamba!
You feel life coursing into your body.
You feel very sick. The black mamba bites you!
* * * LOW HITPOINT WARNING * * *
The yak gores your spectral yak.
Your spectral blink frog barely misses the blink frog.
The black mamba bites you!
You die...
Kikubaaqudgha rasps: "You have failed me!
Welcome... death!"

..# ..# ##.. ##
. #. P.###.#..
##. ......... ..
##.Z...... #.
#...YF....
#.####@SZ.Z....
#......ZZ.W....
##.......§Z.....
#...........F...
##....>.........
#....^....#.#.#
#
#......P.......
..#
##......#......
..#
##..............
...


You could see a black mamba (ally target), a yak (distracted, drained, ally
target), a cane toad, a blink frog (ally target), a friendly martyred shade
(summoned), 2 friendly spectral yaks, a friendly spectral blink frog
(sheltered), 2 friendly yak zombies and a friendly boulder beetle zombie
(sheltered).

Vanquished Creatures
  Harold (D:9)
  A hydra (Lair:2)
  A boulder beetle (Lair:3)
  2 skysharks (Lair:2)
  3 elephants (Lair:2)
  4 cane toads
  3 komodo dragons
  A troll (D:10)
  7 blink frogs
  A queen bee (D:9)
  A snapping turtle (Lair:2)
  2 basilisks (Lair:1)
  3 wyverns
  17 yaks
  A water elemental (Lair:2)
  2 wraiths
  2 steam dragons
  A warg (D:10)
  Eustachio (D:5)
  3 water moccasins
  6 orc warriors
  4 ice beasts
  A black bear (D:5)
  2 ogres
  8 wolves (Lair:2)
  3 centaurs
  3 phantoms
  4 kobold brigands
  3 bullfrogs
  6 scorpions
  10 wights (D:6)
  26 killer bees
  An electric eel (Lair:2)
  2 howler monkeys
  3 jellies
  6 hounds
  11 orc priests
  2 sleepcaps
  6 iguanas
  9 orc wizards
  3 hell rats
  Robin (D:4)
  10 adders
  2 white imps
  2 dart slugs
  A ribbon worm (D:5)
  67 orcs
  6 endoplasms
  A giant cockroach (D:3)
  11 hobgoblins
  5 quokkas
  3 ball pythons
  2 bats
  2 frilled lizards (D:3)
  17 goblins
  7 kobolds
  4 rats
317 creatures vanquished.

Vanquished Creatures (collateral kills)
  A two-headed ogre (D:10)
  A skyshark (Lair:1)
  An elephant (Lair:2)
  3 black mambas (Lair:2)
  A cane toad (Lair:3)
  4 komodo dragons
  A rime drake (Lair:1)
  9 blink frogs
  9 yaks
  3 water moccasins
  3 wolves (Lair:2)
  A bullfrog (Lair:3)
  2 electric eels (Lair:1)
  A jelly (D:6)
  6 hell rats
46 creatures vanquished.

Vanquished Creatures (others)
  A yak (Lair:3)
  3 cane toad zombies
  An elephant zombie (Lair:2)
  5 blink frog zombies
  A warg zombie (D:10)
  A wyvern zombie (Lair:3)
  A yak zombie (Lair:3)
  4 wolf zombies (Lair:2)
  2 bullfrog zombies
  3 kobold zombies (D:10)
  An ogre zombie (D:10)
  4 hell rat zombies (Lair:2)
  6 orc zombies (D:10)
33 creatures vanquished.

Grand Total: 396 creatures vanquished

Notes
Turn   | Place    | Note
-------+----------+-------------------------------------------
     0 | D:1      | stipulation the Vine Stalker Necromancer began the quest
                  | for the Orb.
     0 | D:1      | Reached XP level 1. HP: 9/9 MP: 4/4
   192 | D:1      | Reached XP level 2. HP: 13/13 MP: 0/6
   913 | D:2      | Reached XP level 3. HP: 15/16 MP: 1/8
  1292 | D:2      | Reached XP level 4. HP: 18/21 MP: 3/10
  1297 | D:2      | Identified the +9 spear of the Nexus {flame, rF+ Int+4 SInv
                  | Stlth-}
  2124 | D:3      | Reached skill level 5 in Necromancy
  2662 | D:4      | Noticed a scorpion
  2666 | D:4      | Killed a scorpion
  2667 | D:4      | Reached XP level 5. HP: 24/24 MP: 6/12
  2952 | D:4      | Reached XP level 6. HP: 28/28 MP: 6/14
  3160 | D:4      | Reached skill level 5 in Spellcasting
  3160 | D:4      | Reached skill level 6 in Necromancy
  3239 | D:4      | Noticed Robin
  3260 | D:4      | Killed Robin
  3483 | D:4      | Found Kaanwiuc's General Store.
  3488 | D:4      | Found Yczeir's Specific Store.
  3493 | D:4      | Bought a scroll of identify for 20 gold pieces
  3493 | D:4      | Bought a scroll of identify for 20 gold pieces
  3493 | D:4      | Bought a scroll of amnesia for 40 gold pieces
  3493 | D:4      | Bought a wand of mindburst (2) for 28 gold pieces
  3527 | D:5      | Entered Level 5 of the Dungeon
  3558 | D:5      | Reached XP level 7. HP: 32/32 MP: 14/16
  3618 | D:5      | Noticed Eustachio
  3625 | D:5      | Killed Eustachio
  3626 | D:5      | Reached skill level 7 in Necromancy
  3717 | D:5      | Gained mutation: You have razor-sharp teeth. [Vine Stalker
                  | growth]
  3717 | D:5      | Reached XP level 8. HP: 26/36 MP: 12/18
  3721 | D:5      | Learned a level 3 spell: Vampiric Draining
  3726 | D:5      | Learned a level 4 spell: Animate Dead
  3993 | D:5      | Reached skill level 8 in Necromancy
  4076 | D:5      | Noticed a yak
  4383 | D:6      | Identified the +0 leather armour of the Hecatoncheires
                  | {rElec rPois rN+}
  4485 | D:6      | Found a glowing golden altar of the Shining One.
  4506 | D:6      | Found a hazy altar of Hepliaklqana.
  4895 | D:6      | Reached XP level 9. HP: 39/39 MP: 14/22
  4999 | D:6      | Reached skill level 9 in Necromancy
  5059 | D:6      | Reached skill level 1 in Evocations
  6799 | D:7      | Found a runed translucent gate.
  6823 | D:7      | Found a runed translucent gate.
  6823 | D:7      | Found a runed translucent gate.
  6942 | D:7      | Reached skill level 10 in Necromancy
  7008 | D:7      | Found a staircase to the Ecumenical Temple.
  7156 | D:7      | Noticed gelatine's ghost (novice DsFi)
  7229 | Temple   | Entered the Ecumenical Temple
  7242 | Temple   | Became a worshipper of Kikubaaqudgha
  7583 | D:8      | Reached XP level 10. HP: 39/44 MP: 20/24
  7639 | D:8      | Identified the +6 sling "Imase" {flame, rN+ Dex+4}
  7902 | D:8      | Reached * piety under Kikubaaqudgha
  7902 | D:8      | Received a gift from Kikubaaqudgha
  8293 | D:9      | Found a shimmering altar of Xom.
  8293 | D:9      | Found a faded altar of an unknown god.
  8303 | D:9      | Found an iron altar of Okawaru.
  8305 | D:9      | Found a sparkling altar of Nemelex Xobeh.
  8307 | D:9      | Found a white marble altar of Elyvilon.
  8447 | D:9      | Reached skill level 10 in Spellcasting
  8712 | D:9      | Reached skill level 11 in Necromancy
  8990 | D:9      | Noticed Harold
  9003 | D:9      | Killed Harold
  9062 | D:9      | Found a glowing silver altar of Zin.
  9084 | D:9      | Reached ** piety under Kikubaaqudgha
  9085 | D:9      | Reached XP level 11. HP: 44/47 MP: 18/27
  9354 | D:9      | Reached skill level 12 in Necromancy
  9364 | D:9      | Found a staircase to the Lair.
  9406 | D:9      | Found a hide-covered altar of Uskayaw.
  9705 | D:10     | Entered Level 10 of the Dungeon
  9879 | D:10     | Found a staircase to the Orcish Mines.
 10045 | D:10     | Reached *** piety under Kikubaaqudgha
 10045 | D:10     | Received a gift from Kikubaaqudgha
 10054 | D:10     | Learned a level 2 spell: Cigotuvi's Dreadful Rot
 10059 | D:10     | Learned a level 4 spell: Martyr's Knell
 10405 | D:10     | Noticed a two-headed ogre
 10414 | D:10     | Killed a two-headed ogre
 10415 | D:10     | Reached skill level 1 in Summonings
 10869 | D:11     | Noticed a cyan ugly thing
 10924 | Lair:1   | Entered Level 1 of the Lair of Beasts
 10979 | Lair:1   | Found a runed translucent door.
 10985 | Lair:1   | Noticed Luas's ghost (novice TeFE)
 11016 | Lair:1   | Noticed a seven-headed hydra
 11212 | Lair:1   | Reached skill level 13 in Necromancy
 11256 | Lair:1   | Reached skill level 5 in Evocations
 11274 | Lair:1   | Reached XP level 12. HP: 26/51 MP: 15/29
 11431 | Lair:1   | Noticed a skyshark
 11440 | Lair:1   | Killed a skyshark
 12080 | Lair:2   | Noticed a five-headed hydra
 12085 | Lair:2   | Killed a five-headed hydra
 12214 | Lair:2   | Noticed a skyshark
 12215 | Lair:2   | Reached skill level 14 in Necromancy
 12219 | Lair:2   | Noticed a skyshark
 12363 | Lair:2   | Reached **** piety under Kikubaaqudgha
 12397 | Lair:2   | Found a hole to the Spider Nest.
 12675 | Lair:2   | Learned a level 4 spell: Anguish
 12682 | Lair:2   | Learned a level 6 spell: Death Channel
 12703 | Lair:2   | Reached skill level 15 in Necromancy
 12729 | Lair:2   | Killed a skyshark
 12794 | Lair:2   | Reached XP level 13. HP: 51/55 MP: 1/31
 13326 | Lair:2   | Found a staircase to the Shoals.
 13592 | Lair:3   | Reached ***** piety under Kikubaaqudgha
 13634 | Lair:3   | Found a runed translucent door.
 13645 | Lair:3   | Noticed jasper's ghost (journeyman AtBe)
 13776 | Lair:3   | Slain by a black mamba

Illustrated notes

Levels and vault maps discovered:
D:1:      dpeg_arrival_lava_altar, layout_rooms, nicolae_eternal_life
D:2:      layout_basic
D:3:      layout_loops_ring
D:4:      cheibrodos_helix_gallery, layout_loops_ring,
          hangedman_decor_clover_reticule, nicolae_specific_store, uniq_robin
D:5:      minmay_clustersquares, layout_rooms, minmay_fractal_squares_gapless_5,
          uniq_eustachio
D:6:      layout_loops_corners, grunt_temple_overflow_open
D:7:      layout_cave_pools, minmay_temple_entry_nine_rooms,
          ebering_ghost_rock_garden
D:8:      layout_gridville, special_room [special_room_orc]
D:9:      nicolae_whirlpool, layout_loops_corners,
          nicolae_uskayaw_murder_on_the_dancefloor,
          chequers_temple_overflow_minitemple, mainiacjoe_overflow_chevrons,
          lair_entry_dummy, minivault_7, uniq_harold
D:10:     cheibrodos_iron_armory, layout_stronghold, erik_orc_3
D:11:     layout_basic, minivault_28
Temple:   nicolae_temple_ecumenical_triangle
Lair:1:   layout_regular_city, ebering_ghost_inner_flame, grunt_megastairs_1,
          serial_bayou_shore_a, lemuel_fruit_tree
Lair:2:   layout_loops_ring, minmay_shoals_entry_hut,
          spider_nest_entry_web_field, infiniplex_staircase_pool_2,
          grunt_megastairs_4, serial_bayou_shore_b
Lair:3:   regret_index_wax_grids, layout_chaotic_city, gammafunk_ghost_grave,
          uniq_rupert

Skill      XL: |  1  2  3  4  5  6  7  8  9 10 11 12 |
---------------+-------------------------------------+-----
Spellcasting   | 3 4 5 6 8 9 11 12 13 | 13.9
Necromancy     | 5 6 7 8 10 11 13 15 | 15.8
Evocations     | 3 4 5 6 |  6.0
Summonings     | 3 4 |  4.0
Dodging        | |  1.5
Stealth        | |  2.4

Action                     |  1- 3 |  4- 6 |  7- 9 | 10-12 | 13-15 || total
---------------------------+-------+-------+-------+-------+-------++-------
  Melee: Unarmed           |    40 |       |       |       |       ||    40
         Bite              |     9 |     9 |    34 |    66 |    10 ||   128
         Spear             |       |    30 |   131 |   214 |    32 ||   407
         Punch             |       |       |     1 |     3 |       ||     4
   Cast: Necrotise         |    57 |    74 |   141 |   145 |    22 ||   439
         Vampiric Draining |       |       |    22 |   171 |    27 ||   220
         Animate Dead      |       |       |       |     8 |     1 ||     9
         Martyr's Knell    |       |       |       |    12 |     4 ||    16
         Cigotuvi's Dreadf |       |       |       |     1 |       ||     1
         Death Channel     |       |       |       |       |     2 ||     2
         Anguish           |       |       |       |       |     1 ||     1
  Evoke: Wand              |       |       |     9 |     8 |     2 ||    19
    Use: Scroll            |       |     2 |     9 |     5 |       ||    16
         Potion            |       |       |       |     3 |       ||     3
   Stab: Paralysed         |       |       |       |     6 |       ||     6
         Distracted        |       |       |       |     1 |       ||     1
 Armour: Robe              |    31 |    30 |   118 |   353 |    75 ||   607
  Dodge: Dodged            |    38 |    29 |   125 |   261 |    35 ||   488
